 Dungeon Crawl Stone Soup version 0.30-a0-989-g0d87f670db (webtiles) character file.

Game seed: 14914609949022515175

1537 mopl the Basher (level 8, -3/53 HPs)
             Began as a Gargoyle Fighter on Apr 2, 2023.
             Engulfed by a steam dragon's steam (8 damage)
             ... on level 6 of the Dungeon on Apr 3, 2023.
             The game lasted 00:06:03 (4214 turns).

mopl the Basher (Gargoyle Fighter)                  Turns: 4214, Time: 00:06:04

Health: -3/53      AC: 19    Str: 21    XL:     8   Next: 86%
Magic:  8/8        EV:  4    Int:  8    God:
Gold:   439        SH:  8    Dex: 11    Spells: 7/7 levels left

rFire   . . .      SeeInvis .    a - +0 flail (heavy)
rCold   . . .      Faith    .    F - +0 kite shield
rNeg    + . .      Spirit   .    G - +0 plate armour
rPois   ∞          Reflect  .    l - +0 helmet
rElec   +          Rampage  .    (no cloak)
rCorr   .                        (no gloves)
Will    .....                    D - +0 pair of boots Stlth
                                 (no amulet)
HPRegen 0.28/turn                (no ring)
MPRegen 0.11/turn                (no ring)

@: no status effects
A: sickness immunity, AC +5, negative energy resistance 1, electricity
resistance, torment resistance 1, petrification resistance
a: no special abilities


You were on level 6 of the Dungeon.
You visited 2 branches of the dungeon, and saw 7 of its levels.

You collected 439 gold pieces.

Inventory:

Hand Weapons
 a - a +0 heavy flail (weapon)
 t - a +1 spear of venom
Missiles
 f - 4 poisoned darts (quivered)
 x - 3 curare-tipped darts
 E - 2 throwing nets
Armour
 l - a +0 helmet (worn)
 D - a +0 pair of boots (worn)
 F - a +0 kite shield (worn)
 G - a +0 plate armour (worn)
Jewellery
 z - a ring of ice
Wands
 q - a wand of iceblast (9)
 r - a wand of charming (5)
Scrolls
 g - 2 scrolls of identify
 h - a scroll of torment {unknown}
 i - 2 scrolls of teleportation {unknown}
 k - a scroll of fear {unknown}
 n - a scroll of fog {unknown}
 o - 2 scrolls of enchant armour {unknown}
 p - a scroll of vulnerability {unknown}
 u - a scroll of magic mapping {unknown}
 w - 2 scrolls of enchant weapon {unknown}
 y - a scroll of amnesia {unknown}
 A - a scroll of brand weapon {unknown}
 B - 2 scrolls of blinking {unknown}
 C - a scroll of poison {unknown}
Potions
 b - a potion of heal wounds
 c - a potion of resistance
 d - 2 potions of might
 e - 6 potions of curing
 j - a potion of mutation {!q}
 m - a potion of brilliance
 s - a potion of cancellation
 v - a potion of haste


   Skills:
 + Level 7.5 Fighting
 * Level 9.1 Maces & Flails
 - Level 3.2 Armour
 - Level 3.2 Shields


You had 7 spell levels left.
You didn't know any spells.
Your spell library was empty.

Dungeon Overview and Level Annotations

Branches:
Dungeon (6/15)             Temple (1/1) D:4

Altars:
Ashenzari
Cheibriados
Dithmenos
Elyvilon
Fedhas
Hepliaklqana
Makhleb
Nemelex Xobeh
Qazlal
Ru
Trog
Uskayaw
Vehumet
Wu Jian
Xom
Yredelemnul
The Shining One

Shops:
D:2 =


Innate Abilities, Weirdness & Mutations

You are immune to sickness and miasma.
Your stone body is resilient. (AC +5)
You are immune to poison.
You resist negative energy. (rN+)
You are resistant to electric shocks. (rElec)
You are resistant to unholy torment.
You are immune to petrification.


Message History

You are engulfed in a cloud of scalding steam.
You block the steam dragon's attack. The steam dragon claws you.
The steam dragon barely misses you.
The steam dragon claws you but does no damage.
You closely miss the steam dragon. You block the steam dragon's attack. x2
You hit the steam dragon but do no damage.
The steam dragon breathes steam at you. The ball of steam hits you.
The steam dragon bites you but does no damage.
The steam dragon claws you but does no damage.
You completely miss the steam dragon.
You are engulfed in a cloud of scalding steam.
The steam dragon bites you but does no damage.
The steam dragon barely misses you. The steam dragon breathes steam at you.
The ball of steam hits you.
You are too injured to fight recklessly!
You are too injured to fight recklessly!
You are too injured to fight recklessly!
You are too injured to fight recklessly!
You are too injured to fight recklessly!
You are too injured to fight recklessly!
You are too injured to fight recklessly!
You are too injured to fight recklessly!
You are too injured to fight recklessly!
You are too injured to fight recklessly!
You are too injured to fight recklessly!
You are too injured to fight recklessly!
You are too injured to fight recklessly!
You bludgeon the steam dragon!!
The steam dragon is almost dead.
You are engulfed in a cloud of scalding steam.
* * * LOW HITPOINT WARNING * * *
The steam dragon breathes steam at you. The ball of steam hits you!
* * * LOW HITPOINT WARNING * * *
You hit the steam dragon.
The steam dragon is almost dead.
You are engulfed in a cloud of scalding steam.
You die...

#######......#...###########.###.
......#...####...# #.#...
......#.....)..##### #.#...
......'....#######.## #.#...
......####.####.....# #.#..[
......# ####.#......# # #.#...
.#....###.....#.....#.# #.##..
...###.#......#.D....# #.#...
.##.....#.....#.@...## #.#..#
#....).#......#.###.## #.#..#
#.#.).).#.....###.....# #.#..# #
#......#.###.#......# ###.#...
#.....###.....#.....# #.......
...#.###.#......#......# #.#.#.#.
...##.....#..>..#.....## #.#.....
... .....#......#.###.# #.#.#..)
#. #.....#.....###. ..##.#.#...


You could see a steam dragon (catching breath).

Vanquished Creatures
  3 black bears
  2 ice beasts
  2 ogres (D:5)
  5 scorpions
  A hound (D:4)
  2 gnoll boudas
  A sleepcap (D:5)
  An iguana (D:4)
  Jessica (D:2)
  Ijyb (D:3)
  2 orc wizards
  Natasha (thrice) (D:3)
  Robin (D:2)
  9 gnolls
  8 adders
  2 shadow imps (D:5)
  2 ufetubi
  2 worms
  3 dart slugs
  14 orcs
  6 endoplasms
  2 giant cockroaches
  19 goblins
  8 hobgoblins
  9 jackals
  4 ball pythons
  6 bats
  2 frilled lizards
  6 kobolds
  2 rats (D:2)
129 creatures vanquished.

Notes
Turn   | Place    | Note
-------+----------+-------------------------------------------
     0 | D:1      | mopl the Gargoyle Fighter began the quest for the Orb.
     0 | D:1      | Reached XP level 1. HP: 14/14 MP: 1/1
   149 | D:1      | Reached XP level 2. HP: 19/19 MP: 2/2
   281 | D:1      | Reached skill level 3 in Maces & Flails
   300 | D:1      | Reached XP level 3. HP: 20/24 MP: 3/3
   577 | D:2      | Noticed Robin
   608 | D:2      | Killed Robin
   614 | D:2      | Reached skill level 4 in Fighting
   644 | D:2      | Reached XP level 4. HP: 20/29 MP: 4/4
   770 | D:2      | Found Liuduh's Jewellery Shoppe.
   948 | D:2      | Noticed Jessica
   951 | D:2      | Killed Jessica
   952 | D:2      | Reached skill level 4 in Maces & Flails
  1058 | D:2      | Found a faded altar of an unknown god.
  1067 | D:2      | Reached XP level 5. HP: 31/34 MP: 5/5
  1664 | D:3      | Noticed Ijyb
  1679 | D:3      | Killed Ijyb
  1882 | D:3      | Found a glowing golden altar of the Shining One.
  1981 | D:3      | Noticed Natasha
  2000 | D:3      | Killed Natasha
  2001 | D:3      | Reached skill level 5 in Maces & Flails
  2013 | D:3      | Reached XP level 6. HP: 24/40 MP: 6/6
  2172 | D:3      | Noticed Natasha
  2178 | D:3      | Killed Natasha
  2380 | D:3      | Noticed Natasha
  2396 | D:3      | Killed Natasha
  2397 | D:3      | Reached skill level 5 in Fighting
  2404 | D:3      | Found a glowing golden altar of the Shining One.
  2541 | D:4      | Found a staircase to the Ecumenical Temple.
  2589 | D:4      | Reached skill level 6 in Maces & Flails
  2589 | D:4      | Reached XP level 7. HP: 16/44 MP: 7/7
  2610 | Temple   | Entered the Ecumenical Temple
  3123 | D:5      | Entered Level 5 of the Dungeon
  3234 | D:5      | Reached skill level 6 in Fighting
  3318 | D:5      | Found a hazy altar of Hepliaklqana.
  3318 | D:5      | Found a radiant altar of Vehumet.
  3376 | D:5      | Reached skill level 7 in Maces & Flails
  3571 | D:5      | Reached XP level 8. HP: 52/52 MP: 8/8
  3791 | D:5      | Reached skill level 8 in Maces & Flails
  3795 | D:5      | Reached skill level 7 in Fighting
  4054 | D:6      | Reached skill level 9 in Maces & Flails
  4214 | D:6      | Engulfed by a steam dragon's steam

Illustrated notes

Levels and vault maps discovered:
D:1:      dpeg_arrival_three_smaller_balls, layout_rooms, st_stairs_13,
          minmay_split_cup_small
D:2:      layout_loops_corners, hellmonk_ecumenical_altar_dog_temple,
          serial_shops, nicolae_shop_hallway_stairs, minmay_hedge_maze,
          minmay_box_of_dots, uniq_jessica, uniq_robin
D:3:      layout_basic, tso_altar, reono_crystal_passage, uniq_ijyb,
          uniq_natasha
D:4:      layout_cave_pools, minmay_temple_entry_slanted
D:5:      layout_loops_ring, gammafunk_temple_overflow_wave,
          kennysheep_generic_room_6
D:6:      nicolae_BIG_FREAKIN_CUBE, layout_basic
Temple:   nicolae_temple_superstar

Skill      XL: |  1  2  3  4  5  6  7  8 |
---------------+-------------------------+-----
Maces & Flails | 3 4 5 6 7 9 |  9.1
Fighting       | 4 5 6 7 |  7.5
Armour         | |  3.2
Shields        | |  3.2

Action                     |  1- 3 |  4- 6 |  7- 9 || total
---------------------------+-------+-------+-------++-------
  Melee: Flail             |   117 |   195 |   188 ||   500
    Use: Scroll            |       |       |     6 ||     6
 Armour: Scale mail        |   100 |   108 |    51 ||   259
         Chain mail        |       |       |    68 ||    68
         Plate armour      |       |       |    50 ||    50
  Dodge: Dodged            |    74 |    82 |    99 ||   255
  Block: Buckler           |    34 |    40 |    32 ||   106
         Kite shield       |       |       |    31 ||    31

Table legend: (Time is in decaauts)
 A = Elapsed time spent in this place.
 B = Non-inter-level travel time spent in this place.
 C = Inter-level travel time spent in this place.
 D = Time resting spent in this place.
 E = Time spent auto-exploring this place.
 F = Levels seen in this place.
 G = Mean time per level.
                   A        B        C        D        E       F      G
               +--------+--------+--------+--------+--------+-----+--------+
         Total |   4375 |   4213 |    162 |      8 |   3066 |   7 |  625.0 |
       Dungeon |   4244 |   4100 |    144 |      8 |   2966 |   6 |  707.3 |
        Temple |    131 |    113 |     18 |      0 |    100 |   1 |  131.0 |
               +--------+--------+--------+--------+--------+-----+--------+

Top non-repeatable levels by time:
     D:2: 1009 daAuts
     D:3: 983 daAuts
     D:5: 853 daAuts
     D:1: 597 daAuts
     D:4: 487 daAuts
     D:6: 312 daAuts
  Temple: 131 daAuts
